 Dungeon Crawl Stone Soup version 0.30-a0-371-gad7725a93e (webtiles) character file.

Game seed: 457681099511108721

149 ryw the Caller (level 4, -4/36 HPs)
             Began as a Demigod Summoner on Nov 20, 2022.
             Slain by a kobold brigand
             ... wielding a +0 short sword
              (6 damage)
             ... in a sewer.
             The game lasted 00:06:05 (2290 turns).

ryw the Caller (Demigod Summoner)                   Turns: 2290, Time: 00:06:05

Health: -4/36      AC:  3    Str:  9    XL:     4   Next: 82%
Magic:  12/19      EV: 12    Int: 21    God:
Gold:   88         SH:  0    Dex: 14    Spells: 2/8 levels left

rFire   . . .      SeeInvis .    v - +1 war axe (freeze)
rCold   . . .      Faith    .    (no shield)
rNeg    . . .      Spirit   .    a - +0 robe
rPois   .          Reflect  .    (no helmet)
rElec   .          Harm     .    j - +0 cloak
rCorr   .          Rampage  .    (no gloves)
Will    +....                    (no boots)
Stlth   ++........               (no amulet)
HPRegen 0.26/turn                h - ring of willpower
MPRegen 0.16/turn                r - ring of magical power

@: no status effects
A: high MP 1, forlorn, divine attributes
a: no special abilities


You were in a sewer.
You visited 1 branch of the dungeon, and saw 3 of its levels.
You also visited: Sewer.

You collected 88 gold pieces.

Inventory:

Hand Weapons
 v - a +1 war axe of freezing (weapon)
Armour
 a - a +0 robe (worn)
 j - a +0 cloak (worn)
Jewellery
 h - a ring of willpower (left hand)
 p - a ring of positive energy
 r - a ring of magical power (right hand)
Scrolls
 c - 2 scrolls of brand weapon {unknown}
 d - a scroll of blinking {unknown}
 f - a scroll of summoning {unknown}
 g - a scroll of identify {unknown}
 l - a scroll of immolation {unknown}
 m - a scroll of butterflies {unknown}
 n - a scroll of poison {unknown}
 o - a scroll of enchant armour {unknown}
 t - a scroll of amnesia {unknown}
 u - a scroll of silence {unknown}
Potions
 b - a potion of magic
 e - a potion of invisibility {unknown}
 i - a potion of curing {unknown}
 k - 3 potions of lignification {unknown}
 q - a potion of attraction {unknown}
 s - a potion of brilliance {unknown}
 w - a potion of haste {unknown}


   Skills:
 + Level 2.0 Fighting
 + Level 2.8 Dodging
 - Level 1.7 Stealth
 + Level 2.6 Spellcasting
 + Level 4.3 Summonings


You had 2 spell levels left.
You knew the following spells:

 Your Spells              Type           Power      Damage    Failure   Level
a - Call Canine Familiar  Summ           20%        N/A       7%          3
b - Call Imp              Summ           20%        N/A       3%          2
c - Summon Small Mammal   Summ           80%        N/A       2%          1

Your spell library contained the following spells:

 Spells                   Type           Power      Damage    Failure   Level
 Slow                     Hex            8%         N/A       14%         1
 Summon Guardian Golem    Hex/Summ       11%        N/A       17%         3
 Confusing Touch          Hex            2%         N/A       38%         3
 Vampiric Draining        Necr           2%         2d6       38%         3
 Summon Lightning Spire   Summ/Air       11%        N/A       50%         4
 Passage of Golubria      Tloc           2%         N/A       80%         4
 Silence                  Hex/Air        1%         N/A       98%         5
 Lehudib's Crystal Spear  Conj/Erth      1%         10d2      100%        8


Dungeon Overview and Level Annotations

Branches:
Dungeon (3/15)              Sewer (1/1)

Annotations:
D:3 Robin


Innate Abilities, Weirdness & Mutations

You have an increased reservoir of magic. (+10% MP)
You shall have no god before yourself.
Your divine heritage dramatically boosts your attributes as you level up.


Message History

Your hound bites the kobold brigand.
Your hound dies!
Your hound's corpse disappears in a puff of smoke!
Casting: Call Canine Familiar (dangerous; 7% risk of failure)
Confirm with . or Enter, or press ? or * to list all spells.
Your crimson imp completely misses the kobold brigand.
The kobold brigand throws a curare-tipped dart.
The curare-tipped dart closely misses your hound.
Your crimson imp completely misses the kobold brigand.
Your hound bites the kobold brigand but does no damage.
Your hound barely misses the kobold brigand.
Your crimson imp hits the kobold brigand but does no damage.
Your hound bites the kobold brigand.
Your hound misses the kobold brigand.
The kobold brigand hits you with a +0 short sword.
Your hound bites the kobold brigand but does no damage.
Your crimson imp hits the kobold brigand.
You barely miss the kobold brigand.
The kobold brigand is heavily wounded.
Your hound bites the kobold brigand.
The kobold brigand hits you with a +0 short sword.
Your hound misses the kobold brigand.
Your crimson imp barely misses the kobold brigand.
The kobold brigand misses you.
You barely miss the kobold brigand.
The kobold brigand is severely wounded.
Your hound completely misses the kobold brigand.
Your hound bites the kobold brigand but does no damage.
Your crimson imp closely misses the kobold brigand.
The kobold brigand completely misses your hound.
Your hound barely misses the kobold brigand.
Your crimson imp hits the kobold brigand.
You closely miss the kobold brigand.
The kobold brigand is severely wounded.
The kobold brigand hits you with a +0 short sword!
* * * LOW HITPOINT WARNING * * *
Your hound closely misses the kobold brigand.
Your crimson imp barely misses the kobold brigand.
The kobold brigand hits you with a +0 short sword.
You die...

#~≈~#!)).#
##++##~~~##''###
#....#~≈~#.....###
##...~#~≈~#...P...#
....~~~~≈~#.P.....#
#...P†~~≈~#.......#
#...~P#~≈~#~...hP5#
....~~#~~~#~~...K.#
......#~≈~#~~~..@.##
......#~≈~~~~......#
......#~≈~~~~.....P#
.....P#~≈~~~..P...##
#.....#~≈~#~.....##
#.....#~~~#~~....##
#.....#~≈ #P~.....##
#.....# ≈~#.P......#
.....P#~≈~#........#


You could see a kobold brigand (ally target), a friendly hound (summoned) and a
friendly crimson imp (summoned).

Vanquished Creatures
  A gnoll (D:3)
  An adder (D:3)
  A worm (D:3)
  An orc (D:3)
  3 ball pythons
  2 endoplasms
  5 giant cockroaches
  A goblin (D:2)
  3 hobgoblins
  A quokka (D:2)
  5 bats
  4 frilled lizards
  2 kobolds (Sewer)
  A rat (D:1)
31 creatures vanquished.

Vanquished Creatures (collateral kills)
  An orc wizard (D:3)
  A gnoll (D:2)
  3 adders
  2 orcs (D:3)
  A ball python (D:1)
  2 endoplasms (D:1)
  6 goblins
  2 hobgoblins (D:1)
  4 kobolds
  A quokka (D:1)
  A bat (Sewer)
  A frilled lizard (D:2)
  8 rats
33 creatures vanquished.

Vanquished Creatures (others)
  A fungus (Sewer)
  3 plants (Sewer)
4 creatures vanquished.

Grand Total: 68 creatures vanquished

Notes
Turn   | Place    | Note
-------+----------+-------------------------------------------
     0 | D:1      | ryw the Demigod Summoner began the quest for the Orb.
     0 | D:1      | Reached XP level 1. HP: 14/14 MP: 5/5
   338 | D:1      | Reached XP level 2. HP: 22/22 MP: 7/7
   341 | D:1      | Learned a level 2 spell: Call Imp
   816 | D:2      | Reached skill level 1 in Fighting
   887 | D:2      | Reached XP level 3. HP: 26/28 MP: 8/8
   894 | D:2      | Learned a level 3 spell: Call Canine Familiar
  1323 | D:2      | Reached skill level 4 in Summonings
  1684 | D:3      | Noticed Robin
  1945 | D:3      | Reached XP level 4. HP: 35/35 MP: 10/10
  2033 | D:3      | Found a glowing drain.
  2065 | Sewer    | Entered a sewer
  2266 | Sewer    | Noticed a kobold brigand
  2290 | Sewer    | Slain by a kobold brigand

Illustrated notes

Levels and vault maps discovered:
D:1:      tarquinn_simple_flora_water_a, layout_basic,
          hellmonk_ecumenical_altar_arch_garden
D:2:      layout_loops_ring, serial_rivers, chequers_serial_rivers_large_b,
          chequers_serial_rivers_micro_e, chequers_serial_rivers_micro_a,
          chequers_serial_rivers_micro_c, chequers_serial_rivers_micro_b,
          minmay_stone_trees_small, minmay_quantized
D:3:      layout_basic, serial_shops, nicolae_shop_crystal,
          portal_sewer_entry_c, minmay_between, uniq_crazy_yiuf_cottage,
          uniq_terence, uniq_robin
Sewer:    kennysheep_pipe_town

Skill      XL: |  1  2  3  4 |
---------------+-------------+-----
Dodging        | 2 |  2.8
Spellcasting   | 2 |  2.6
Fighting       | 1 2 |  2.0
Summonings     | 4 |  4.3
Stealth        | |  1.7

Action                   |  1- 3 |  4- 6 || total
-------------------------+-------+-------++-------
Melee: Flail             |    73 |     1 ||    74
       Unarmed           |     8 |       ||     8
       War axe           |       |    28 ||    28
 Cast: Summon Small Mamm |    12 |     2 ||    14
       Call Imp          |     8 |     5 ||    13
       Call Canine Famil |     7 |     8 ||    15
 Stab: Sleeping          |     3 |     1 ||     4
Armor: Robe              |    33 |    12 ||    45
Dodge: Dodged            |    93 |    26 ||   119

Table legend: (Time is in decaauts)
 A = Elapsed time spent in this place.
 B = Non-inter-level travel time spent in this place.
 C = Inter-level travel time spent in this place.
 D = Time resting spent in this place.
 E = Time spent auto-exploring this place.
 F = Levels seen in this place.
 G = Mean time per level.
                   A        B        C        D        E       F      G
               +--------+--------+--------+--------+--------+-----+--------+
         Total |   2375 |   2283 |     92 |    123 |   1596 |   4 |  593.8 |
       Dungeon |   2129 |   2037 |     92 |    107 |   1479 |   3 |  709.7 |
         Sewer |    245 |    245 |      0 |     16 |    117 |   1 |  245.0 |
               +--------+--------+--------+--------+--------+-----+--------+

Top non-repeatable levels by time:
     D:2: 1125 daAuts
     D:1: 806 daAuts
   Sewer: 245 daAuts
     D:3: 198 daAuts
